Map: Ice and Chrome LE

Players

Jason - Winner!

  • Race: Terran Terran
  • League: Grandmaster
  • Spawn Location: 7:00

Creature

  • Race: Protoss Protoss
  • Spawn Location: 1:00

Event: The Miserable Cup

VOD

Have the link to the VOD?

Description

Time

  • Played on: June 19, 2020, 11:57 a.m.
  • Length: 6:54

All games in this series

Show
View Real Time Build Order
Export as new Build Order

Jason Terran - Winner!

Build Orders:  

Get SALT Encoding   

  12  0:00  SCV  
  13  0:12  SCV  
  14  0:17  Supply Depot  
  14  0:24  SCV  
  15  0:38  SCV  
  15  0:40  Barracks  
  16  0:43  Refinery  
  16  0:50  SCV  
  17  1:02  SCV  
  18  1:15  SCV  
  19  1:27  Marine, Orbital Command  
  20  1:46  Command Center  
  20  1:48  Barracks Reactor  
  20  1:53  SCV  
  21  1:58  Bunker  
  21  2:05  SCV  
  22  2:09  Supply Depot  
  22  2:16  Factory  
  22  2:20  SCV  
  23  2:31  Marine x2  
  23  2:32  Refinery  
  23  2:34  SCV  
  26  2:46  SCV  
  26  2:49  Marine x2  
  29  2:58  SCV  
  29  2:59  Orbital Command  
  29  3:01  Factory Tech Lab  
  30  3:07  Starport  
  30  3:11  Marine x2  
  32  3:14  SCV  
  33  3:23  Siege Tank  
  33  3:24  SCV  
  37  3:29  SCV  
  38  3:35  Supply Depot  
  38  3:36  Marine  
  38  3:37  Marine  
  38  3:39  SCV  
  38  3:41  SCV  
  42  3:45  Medivac  
  44  3:52  SCV  
  45  3:56  Supply Depot  
  45  3:58  Siege Tank  
  45  3:59  SCV  
  45  4:01  Marine x2  
  51  4:04  SCV  
  51  4:08  Supply Depot  
  52  4:13  SCV  
  52  4:16  SCV  
  54  4:19  Marine x2  
  56  4:25  SCV  
  56  4:26  Supply Depot  
  56  4:28  Barracks, SCV  
  56  4:29  Viking  
  60  4:38  Siege Tank  
  63  4:41  SCV x2  
  63  4:42  Marine x2  
  67  4:53  SCV  
  67  4:54  SCV  
  67  4:56  Supply Depot  
  68  5:00  Marine  
  68  5:05  Marine, SCV  
  71  5:12  Siege Tank  
  74  5:17  Bunker x2  
  74  5:18  Marine  
  74  5:19  Starport Tech Lab  
  74  5:20  Barracks Tech Lab  
  64  5:40  Marine, SCV  
  64  5:41  Marine x2, SCV  
  66  5:44  Siege Tank  
  67  5:59  Marine x2  
  67  6:01  SCV  
  67  6:04  Marine, Bunker  
  69  6:07  Barracks  
  69  6:08  SCV  
  70  6:12  Barracks  
  70  6:13  SCV  
  70  6:14  Refinery, Barracks, Starport Reactor  
  70  6:16  Marine  
  72  6:20  SCV  
  72  6:23  Marine x2  
  72  6:25  Bunker  
  75  6:27  SCV  
  75  6:30  Engineering Bay  
  75  6:32  SCV  
  77  6:34  Marine  
Show
View Real Time Build Order
Export as new Build Order

Creature Protoss 

Build Orders: 1 Gate Expand, Blink Stalkers 

Get SALT Encoding   

  12  0:00  Probe  
  13  0:12  Probe  
  14  0:19  Pylon  
  14  0:24  Probe  
  15  0:33  Probe  
  15  0:37  Gateway  
  15  0:41  Probe  
  16  0:47  Assimilator  
  17  0:51  Probe  
  18  1:03  Probe  
  19  1:15  Probe  
  20  1:24  Cybernetics Core  
  20  1:33  Nexus  
  20  1:38  Pylon  
  20  1:46  Assimilator  
  20  1:48  Probe  
  20  1:50  Adept  
  21  2:00  Probe  
  24  2:01  Warp Gate  
  24  2:12  Probe  
  25  2:24  Probe  
  25  2:26  Twilight Council  
  26  2:33  Stalker  
  26  2:36  Probe  
  29  2:42  Probe  
  29  2:43  Blink  
  29  2:44  Probe  
  29  2:50  Probe  
  31  2:52  Probe  
  33  3:00  Probe  
  33  3:03  Probe  
  35  3:11  Gateway  
  35  3:12  Probe  
  36  3:15  Probe  
  36  3:17  Stalker  
  39  3:24  Pylon, Probe  
  40  3:27  Probe  
  41  3:35  Robotics Facility  
  41  3:36  Probe  
  41  3:39  Probe  
  43  3:48  Probe  
  43  3:51  Probe  
  45  3:56  Sentry  
  45  4:00  Nexus  
  45  4:01  Probe  
  48  4:03  Pylon  
  48  4:04  Probe  
  48  4:06  Stalker  
  51  4:13  Assimilator  
  51  4:14  Probe  
  52  4:26  Shield Battery  
  52  4:28  Stalker  
  52  4:29  Stalker  
  56  4:33  Probe  
  55  4:41  Shield Battery  
  55  4:45  Gateway  
  55  4:46  Gateway  
  55  4:48  Charge  
  55  4:52  Stalker, Sentry  
  58  5:09  Gateway  
  58  5:13  Gateway  
  57  5:20  Pylon x2  
  55  5:31  Stalker x2  
  42  5:41  Stalker  
  31  5:45  Zealot  
  31  5:47  Probe  
  29  5:53  Probe  
  29  5:56  Zealot x2  
  34  6:03  Pylon  
  32  6:06  Zealot x4  
  40  6:15  Pylon  
  40  6:20  Stalker  
  40  6:23  Probe x2  
  44  6:27  Stalker x4  
Tags
 
Add a new tag
Caveats
  • Supply blocks, unpowered buildings, or Contaminate may cause inaccurate times.
  • Supply counts are checked every 10 seconds.